 Dungeon Crawl Stone Soup version 0.17-a0-1-g1f4be75 (console) character file.

29795 Liam the Thaumaturge (level 13, -22/76 HPs)
             Began as a Deep Elf Conjurer on Mar 10, 2015.
             Was the Champion of Sif Muna.
             Annihilated by an orc warrior
             ... wielding a +0 halberd
             ... led by an orc warlord
              (27 damage)
             ... on level 2 of the Orcish Mines on Mar 11, 2015.
             The game lasted 01:00:46 (20583 turns).

Liam the Thaumaturge (Deep Elf Conjurer)           Turns: 20583, Time: 01:00:46

Health: -22/76     AC: 12    Str:  5    XL:     13   Next: 17%
Magic:  12/37      EV: 12    Int: 26    God:    Sif Muna [******]
Gold:   2435       SH:  0    Dex: 15    Spells: 3 memorised, 31 levels left

rFire  . . .     SeeInvis .     d - +5 quarterstaff (speed)
rCold  . . .     Clarity  .     S - +2 robe {MR+}
rNeg   . . .     SustAb   .     (no shield)
rPois  +         Gourm    .     V - +0 helmet
rElec  .         Spirit   .     (no cloak)
rCorr  .         Warding  .     v - +1 pair of gloves
rMut   +         Stasis   .     (no boots)
MR     ++...                    y - amulet of resist mutation
Stlth  ++........               q - ring of poison resistance
                                n - +4 ring of protection

@: lethally poisoned (-22 -> -26), drained, very resistant to hostile
enchantments, unstealthy
A: no striking features
a: Channel Energy, Forget Spell, Renounce Religion


You were on level 2 of the Orcish Mines.
You worshipped Sif Muna.
Sif Muna was exalted by your worship.
You were very hungry.

You visited 3 branches of the dungeon, and saw 16 of its levels.

You collected 2674 gold pieces.
You spent 239 gold pieces at shops.

Inventory:

Hand weapons
 d - a +5 quarterstaff of speed (weapon)
Armour
 v - a +1 pair of gloves (worn)
 S - a +2 robe of magic resistance (worn)
 V - a +0 helmet (worn)
Jewellery
 e - an uncursed ring of flight
 n - a +4 ring of protection (left hand)
 q - a ring of poison resistance (right hand)
 y - an amulet of resist mutation (around neck)
 D - an uncursed amulet of stasis
 M - an uncursed ring of teleportation
 W - an uncursed ring of protection from cold
Magical devices
 p - a wand of frost (26)
 H - a wand of lightning (6)
 Y - a wand of fireball (9)
Scrolls
 h - 5 scrolls of identify
 l - a scroll of blinking
 t - 3 scrolls of remove curse
 T - a scroll of teleportation
Potions
 g - a potion of curing
 k - a potion of haste
 r - a potion of restore abilities
 z - a potion of ambrosia
 B - a potion of might
Comestibles
 b - 6 bread rations
 A - 4 beef jerkies
 E - a fruit


   Skills:
 + Level 6.8(5.8) Fighting
 + Level 6.9(6.0) Armour
 - Level 2.4(1.5) Dodging
 - Level 2.4(1.5) Stealth
 + Level 14.7(13.5) Spellcasting
 + Level 13.1(12.0) Conjurations
 - Level 9.1(8.1) Charms
 + Level 9.1(8.1) Invocations


You had 31 spell levels left.
You knew the following spells:

 Your Spells              Type           Power        Failure   Level  Hunger
a - Magic Dart            Conj           ####         1%          1    None
p - Iskenderun's Battles  Conj/Chrm      ######..     1%          5    ##.....
x - Iskenderun's Mystic   Conj           ######..     1%          4    None


Dungeon Overview and Level Annotations

Branches:
Dungeon (13/15)            Temple (1/1) D:6            Lair (0/8) D:11
    Orc (2/4) D:10         Vaults (0/5) D:13

Altars:
Ashenzari
Cheibriados
Dithmenos
Elyvilon
Fedhas
Gozag
Kikubaaqudgha
Makhleb
Nemelex Xobeh
Okawaru
Qazlal
Ru
Sif Muna
Trog
Vehumet
Xom
Yredelemnul
Zin
The Shining One
Beogh

Shops:
D:7 %   D:8 =   D:9 (?[=


Message History

The orc wizard hits you but does no damage.
You are poisoned.
You feel sick.
The orc warlord roars a battlecry!
The orcs go into a battle-frenzy!
You feel sick.
The orc warlord roars a battlecry!
The orcs go into a battle-frenzy!
The orc wizard hits you but does no damage.
There is a stone staircase leading up here.
Drink which item? (? for menu, Esc to quit)
You feel better.
The orc seems to regain its courage.
The orc wizard hits you but does no damage.
You are poisoned.
The orc warrior closely misses you.
You feel sick.
The orc wizard hits you with a dagger of venom.
* * * LOW HITPOINT WARNING * * *
The orc warrior hits you from afar with a halberd!!
You die...

##.)(.........##P###.........#.##
#...))..................$.......#
..§.).).........................#
(..)..)#.#......#<...............
...)......................#......
.....###.#.............#.#.......
)).(###o###.>.....)...###........
........o##............# #.#)....
........##....oo@))....###.......
.......###....oo..)....)#........
.#...(......oTo..)......)........
##.............#................#
#..#....†....###.#...........###
#............# #######.......##
##........#...# #...........#
###.....###.## #...........##
##....# ### ##.......#.##


You could see an orc warlord, a troll, 2 orc warriors, an orc wizard (frenzied)
and 2 orcs.

Vanquished Creatures
  4 vault guards (D:13)
  2 hydras
  Nessos (D:11)
  A tengu warrior (D:12)
  2 unseen horrors
  The ghost of ZiggyStardust the Thaumaturge, an experienced SpWz of Sif Muna (D:9)
  9 hill giants
  Pikel (D:7)
  4 ugly things
  A manticore (D:13)
  A cyclops (D:13)
  2 gargoyles
  4 kobold demonologists (D:12)
  The ghost of Malachi the Ducker, an experienced DsGl of Ru (D:6)
  A troll (shapeshifter) (D:13)
  5 trolls
  3 ravens (D:13)
  3 deep elf magi
  A wraith (D:11)
  2 wyverns
  2 hungry ghosts (D:10)
  6 yaks (D:9)
  A hippogriff (D:9)
  2 shadows
  A steam dragon (D:12)
  2 wargs
  Edmund (D:6)
  13 orc warriors
  2 ice beasts
  2 slaves (D:7)
  A wasp (D:10)
  3 black bears
  A sky beast (D:7)
  5 centaurs
  A boring beetle (D:10)
  8 ogres
  8 phantoms
  A crocodile (D:12)
  A wyvern zombie (D:10)
  A brain worm (D:10)
  3 big kobolds
  13 giant frogs
  9 killer bees
  2 wyvern skeletons
  6 scorpions
  3 wights (D:12)
  2 goliath beetles
  4 centaur zombies
  11 orc priests
  A centaur skeleton (D:9)
  16 orc wizards
  10 crimson imps
  5 hounds
  4 jellies
  3 giant frog skeletons
  Natasha (thrice) (D:3)
  6 worker ants
  An iguana (D:12)
  Ijyb (D:6)
  A hound skeleton (D:11)
  2 mummies
  A worker ant zombie (D:9)
  7 gnolls
  10 adders
  4 shadow imps
  4 giant mites
  5 worms
  An adder skeleton (D:5)
  An adder zombie (D:10)
  6 giant geckos
  3 oozes
  140 orcs
  2 bat skeletons
  2 giant cockroaches
  20 hobgoblins
  7 jackals
  4 quokkas
  11 bats
  A giant cockroach zombie (D:5)
  2 giant gecko zombies (D:7)
  2 giant newts
  2 giant spores (D:10)
  13 goblins
  25 kobolds
  A quokka zombie (D:7)
  15 rats
  7 ballistomycetes
513 creatures vanquished.

Vanquished Creatures (others)
  An orc warrior (D:8)
  A giant frog (D:8)
  A goliath beetle (D:8)
  A hound (D:8)
  A gnoll shaman (D:7)
  An iguana (D:7)
  An adder (D:8)
  2 gnolls (D:7)
  A giant gecko (D:8)
  2 giant spores (D:11)
12 creatures vanquished.

Grand Total: 525 creatures vanquished

Notes
Turn   | Place    | Note
--------------------------------------------------------------
     0 | D:1      | Liam, the Deep Elf Conjurer, began the quest for the Orb.
     0 | D:1      | Reached XP level 1. HP: 10/10 MP: 5/5
   333 | D:1      | Reached XP level 2. HP: 15/15 MP: 1/8
   612 | D:2      | Reached skill level 5 in Conjurations
   981 | D:2      | Reached XP level 3. HP: 19/19 MP: 1/12
  1864 | D:3      | Reached XP level 4. HP: 24/24 MP: 10/15
  2024 | D:3      | Noticed a giant frog
  2040 | D:3      | Killed a giant frog
  2040 | D:3      | Reached skill level 5 in Spellcasting
  2040 | D:3      | Reached XP level 5. HP: 10/28 MP: 11/19
  2139 | D:3      | Noticed a centaur
  2254 | D:3      | Learned a level 4 spell: Iskenderun's Mystic Blast
  2280 | D:3      | Reached skill level 6 in Conjurations
  2346 | D:3      | Noticed Natasha
  2352 | D:3      | Killed Natasha
  2530 | D:3      | Noticed Natasha
  2531 | D:3      | Killed Natasha
  2616 | D:3      | Noticed Natasha
  2623 | D:3      | Killed Natasha
  2644 | D:4      | Found an iron altar of Okawaru.
  2644 | D:4      | Noticed a phantom
  2646 | D:4      | Noticed a giant frog
  2648 | D:4      | Killed a giant frog
  2648 | D:4      | Reached XP level 6. HP: 32/32 MP: 3/22
  3390 | D:4      | Noticed a phantom
  3419 | D:4      | Killed a phantom
  3419 | D:4      | Reached skill level 7 in Spellcasting
  3734 | D:4      | Learned a level 5 spell: Iskenderun's Battlesphere
  3742 | D:4      | Reached XP level 7. HP: 36/36 MP: 19/25
  3746 | D:4      | Reached skill level 1 in Charms
  4591 | D:5      | Entered Level 5 of the Dungeon
  4985 | D:5      | Found a shadowy altar of Dithmenos.
  4993 | D:5      | Reached skill level 8 in Spellcasting
  5185 | D:5      | Found a deep blue altar of Sif Muna.
  5513 | D:5      | Reached XP level 8. HP: 41/41 MP: 14/27
  5603 | D:6      | Reached skill level 5 in Charms
  5692 | D:6      | Found a staircase to the Ecumenical Temple.
  5793 | D:6      | Noticed Ijyb
  5796 | D:6      | Killed Ijyb
  5842 | D:6      | Reached skill level 9 in Spellcasting
  5905 | D:5      | Became a worshipper of Sif Muna the Loreminder
  5925 | D:6      | Noticed Malachi's ghost (experienced DsGl)
  5935 | D:6      | Killed Malachi's ghost
  6068 | D:6      | You fall through a shaft!
  6088 | D:7      | Found Samuk's Food Shop.
  6118 | D:7      | Noticed Pikel
  6232 | D:7      | Killed Pikel
  6232 | D:7      | Acquired Sif Muna's first power
  6232 | D:7      | Reached skill level 10 in Spellcasting
  6232 | D:7      | Reached XP level 9. HP: 45/45 MP: 16/30
  6346 | D:7      | Acquired Sif Muna's second power
  6800 | D:7      | Found a snail-covered altar of Cheibriados.
  7233 | D:7      | Reached skill level 10 in Conjurations
  7437 | D:7      | Reached skill level 11 in Spellcasting
  7486 | D:6      | Found a blossoming altar of Fedhas.
  8020 | D:6      | Noticed Edmund
  8027 | D:6      | Killed Edmund
  8027 | D:6      | Reached skill level 1 in Fighting
  8027 | D:6      | Reached skill level 1 in Armour
  8027 | D:6      | Reached skill level 1 in Invocations
  8733 | D:8      | Found a shimmering altar of Xom.
  8934 | D:8      | Reached XP level 10. HP: 51/53 MP: 15/32
  8949 | D:8      | Found a basalt altar of Yredelemnul.
  8969 | D:8      | Found Plapn's Jewellery Shop.
  8984 | D:8      | Bought a cursed ring of loudness for 58 gold pieces
  9413 | D:8      | Found a radiant altar of Vehumet.
  9413 | D:8      | Found a burning altar of Makhleb.
 10026 | D:9      | Found Froanuurph's Jewellery Boutique.
 10050 | D:9      | Found Tyukungi's Antique Armour Boutique.
 10055 | D:9      | Bought a runed robe for 17 gold pieces
 10055 | D:9      | Bought a glowing robe for 17 gold pieces
 10084 | D:9      | Identified a -3 rod of the swarm (14/14) (You found it on level 9 of the Dungeon)
 10093 | D:9      | Found Ceuseunk's Magic Scroll Boutique.
 10134 | D:9      | Bought a scroll of identify for 28 gold pieces
 10134 | D:9      | Bought a scroll of identify for 28 gold pieces
 10134 | D:9      | Bought a scroll of fear for 49 gold pieces
 10134 | D:9      | Bought a scroll of teleportation for 42 gold pieces
 10137 | D:9      | Noticed ZiggyStardust's ghost (experienced SpWz)
 10300 | D:9      | Found Zateec's Antique Weapon Shoppe.
 10419 | D:9      | Reached skill level 12 in Spellcasting
 10463 | D:9      | Found a burning altar of Makhleb.
 10463 | D:9      | Noticed a green death
 10674 | D:9      | Killed ZiggyStardust's ghost
 10727 | D:10     | Entered Level 10 of the Dungeon
 10992 | D:10     | Found a roughly hewn altar of Beogh.
 11540 | D:10     | Found a staircase to the Orcish Mines.
 11603 | D:10     | Noticed a hill giant
 11611 | D:10     | Killed a hill giant
 11611 | D:10     | Reached skill level 5 in Invocations
 11611 | D:10     | Reached XP level 11. HP: 60/60 MP: 17/34
 12317 | D:11     | Noticed a hill giant
 12335 | D:11     | Killed a hill giant
 12335 | D:11     | Acquired Sif Muna's third power
 12636 | D:11     | Noticed Nessos
 13184 | D:12     | Noticed a six-headed hydra
 13223 | D:12     | Killed a six-headed hydra
 13425 | D:12     | Reached skill level 13 in Spellcasting
 13536 | D:12     | Found a sparkling altar of Nemelex Xobeh.
 13538 | D:12     | Noticed a hill giant
 13545 | D:12     | Killed a hill giant
 13744 | D:11     | Found a white marble altar of Elyvilon.
 13757 | D:11     | Reached skill level 5 in Armour
 13798 | D:11     | Noticed a hill giant
 13806 | D:11     | Reached skill level 5 in Fighting
 13809 | D:11     | Killed a hill giant
 14015 | D:11     | Killed Nessos
 14355 | D:11     | Killed an unseen horror
 14544 | D:11     | Noticed a hill giant
 14548 | D:11     | Killed a hill giant
 14548 | D:11     | Reached XP level 12. HP: 68/68 MP: 26/35
 14583 | D:11     | Found a staircase to the Lair.
 15770 | D:13     | Noticed a six-headed hydra
 15778 | D:13     | Killed a six-headed hydra
 15999 | D:13     | Identified a scroll of acquirement
 16299 | D:13     | Found a gate to the Vaults.
 16299 | D:13     | Noticed a vault guard
 16299 | D:13     | Noticed a vault guard
 16299 | D:13     | Noticed a vault guard
 16374 | D:13     | Killed a vault guard
 16374 | D:13     | Reached skill level 14 in Spellcasting
 16531 | D:13     | Killed a vault guard
 17170 | D:13     | Noticed a vault guard
 17175 | D:13     | Killed a vault guard
 17969 | D:13     | Reached XP level 13. HP: 76/76 MP: 27/37
 18058 | D:13     | Killed a vault guard
 18263 | D:13     | Found a gate to the Vaults.
 18960 | Temple   | Entered the Ecumenical Temple
 19182 | Orc:1    | Entered Level 1 of the Orcish Mines
 19756 | Orc:1    | Found a deep blue altar of Sif Muna.
 19852 | Orc:2    | Noticed an orc warlord
 20583 | Orc:2    | Annihilated by an orc warrior

Action                   |  1- 3 |  4- 6 |  7- 9 | 10-12 | 13-15 || total
-------------------------+-------+-------+-------+-------+-------++-------
Melee: Unarmed           |     1 |       |       |       |       ||     1
       Quarterstaff      |       |       |     1 |     8 |     4 ||    13
 Cast: Magic Dart        |    89 |   109 |   293 |   390 |   100 ||   981
       Iskenderun's Myst |       |    24 |    53 |   135 |    38 ||   250
       Iskenderun's Batt |       |       |    22 |   108 |    23 ||   153
Invok: Channel Energy    |       |       |       |     5 |     5 ||    10
Evoke: Wand              |       |     1 |     2 |       |       ||     3
  Use: Potion            |       |     4 |       |    13 |     3 ||    20
       Scroll            |       |       |       |    15 |     3 ||    18
  Eat: Chunk             |     2 |     8 |    18 |    31 |     6 ||    65
       Beef jerky        |       |     1 |       |     1 |       ||     2
       Pizza             |       |       |     2 |     2 |       ||     4
       Fruit             |       |       |       |     3 |     3 ||     6
